 Seeded DCSS version 0.32-a0-391-gce5c0aa (webtiles) character file.

Game seed: 8831602498682816792 (custom seed)

469 marwff the Conjurer (level 7, -1/41 HPs)
             Began as an Octopode Alchemist on Feb 19, 2024.
             Was an Initiate of Kikubaaqudgha.
             Succumbed to a water moccasin's poison
             ... on level 4 of the Dungeon.
             The game lasted 00:24:19 (3544 turns).

marwff the Conjurer (Octopode Alchemist)            Turns: 3544, Time: 00:24:19

Health: -1/41      AC:  1    Str:  6 (8)  XL:     7   Next: 9%
Magic:  11/13      EV: 13    Int: 16 (19) God:    Kikubaaqudgha [......]
Gold:   229        SH:  0    Dex:  9 (12) Spells: 8/14 levels left

rFire   . . .        c - +2 short sword (venom)
rCold   . . .        (no shield)
rNeg    . . .        (helmet restricted)
rPois   .            (no amulet)
rElec   .            (no ring)
rCorr   .            (no ring)
SInv    .            (no ring)
Will    +....        (no ring)
Stlth   +++          (no ring)
HPRegen 0.26/turn    (no ring)
MPRegen 0.13/turn    (no ring)
                     (no ring)

%: no passive effects
@: lethally poisoned (-1 -> -17), enlightened, flying
A: almost no armour, amphibious, 8 rings, camouflage 1, gelatinous body 1,
(nimble swimmer 1), tentacles
a: Renounce Religion


You were on level 4 of the Dungeon.
You worshipped Kikubaaqudgha.
Kikubaaqudgha was noncommittal.
You visited 2 branches of the dungeon, and saw 5 of its levels.

You collected 229 gold pieces.

Inventory:

Hand Weapons
 c - a +2 short sword of venom (weapon)
Missiles
 b - 28 stones (quivered)
Armour
 p - a +0 buckler
Wands
 i - a wand of quicksilver (5)
Scrolls
 e - a scroll of enchant armour {unknown}
 f - 3 scrolls of identify
 h - a scroll of silence {unknown}
 k - a scroll of amnesia {unknown}
 l - a scroll of fear {unknown}
 m - a scroll of brand weapon {unknown}
 n - 3 scrolls of fog
 q - 2 scrolls of teleportation {unknown}
 s - 3 scrolls of revelation
 t - a scroll of blinking {unknown}
Potions
 a - a potion of magic
 o - a potion of curing {unknown}
 r - a potion of brilliance {unknown}
 u - a potion of attraction {unknown}


   Skills:
 + Level 2.1 Dodging
 - Level 2.6 Stealth
 - Level 4.0 Spellcasting
 - Level 6.0 Conjurations
 - Level 3.2 Alchemy


You had 8 spell levels left.
You knew the following spells:

 Your Spells              Type           Power      Damage    Failure   Level
a - Sting                 Conj/Alch      72%        1d7       2%          1
b - Mercury Vapours       Alch/Air       16%        N/A       13%         2
c - Mephitic Cloud        Conj/Alch/Air  13%        N/A       14%         3

Your spell library contained the following spells:

 Spells                   Type           Power      Damage    Failure   Level
 Call Imp                 Summ           6%         N/A       26%         2
 Sublimation of Blood     Necr           3%         N/A       26%         2
 Olgreb's Toxic Radiance  Alch           13%        N/A       41%         4
 Gell's Gravitas          Tloc           3%         N/A       45%         3
 Teleport Other           Tloc           3%         N/A       45%         3
 Sticky Flame             Fire/Alch      8%         2d4       65%         4
 Dispersal                Tloc           1%         N/A       100%        6
 Summon Hydra             Summ           1%         N/A       100%        7


Dungeon Overview and Level Annotations

Branches:
Dungeon (4/15)             Temple (1/1) D:4

Altars:
Ashenzari
Elyvilon
Kikubaaqudgha
Nemelex Xobeh
Okawaru
Qazlal
Ru
Xom
Yredelemnul
Zin
The Shining One

Annotations:
D:4 exclusion: water moccasin


Innate Abilities, Weirdness & Mutations

You cannot wear most types of armour.
You are amphibious.
You can wear up to eight rings at the same time.
Your skin changes colour to match your surroundings (Stealth+).
Your rubbery body absorbs attacks. (AC +1, EV +1)
((You are camouflaged when in or above water. (Stealth+)))
You have tentacles for arms and can constrict up to eight enemies at once.


Message History

Press: ? - help, Dir - move target, f/p - water moccasin
Aim: a water moccasin (purple smoke, severely wounded, chance to weaken: 68%) Fumes of mercury billow around the water moccasin!
The gnoll bouda looks weaker.
You feel sick. The water moccasin bites you.
* * * LOW HITPOINT WARNING * * *
You are more poisoned.
The water moccasin poisons you!
A gnoll comes into view. It is wielding a +0 flail.
The water moccasin bites you!
* * * LOW HITPOINT WARNING * * *
You miss the water moccasin. You grab the water moccasin.
The water moccasin is severely wounded.
You constrict the water moccasin, but do no damage.
* * * LOW HITPOINT WARNING * * *
You feel very sick. The water moccasin bites you.
* * * LOW HITPOINT WARNING * * *
You feel much better.
You constrict the water moccasin, but do no damage.
You feel sick. The water moccasin bites you.
* * * LOW HITPOINT WARNING * * *
You are lethally poisoned!
The water moccasin poisons you!
The gnoll bouda barks out a call to the hunt!
The gnoll picks up the pace!
It was a potion of degeneration.
There was something very wrong with that liquid.
You feel weakened.
You feel dopey.
You feel clumsy.
You constrict the water moccasin, but do no damage.
* * * LOW HITPOINT WARNING * * *
You feel very sick. The water moccasin bites you!
* * * LOW HITPOINT WARNING * * *
The water moccasin closely misses you.
It was a potion of enlightenment.
You feel very buoyant.
You fly up into the air.
You constrict the water moccasin, but do no damage.
You die...
Kikubaaqudgha rasps: You have failed me!
Welcome... death!

).### ....## #.# .##..#
#.# ..##.# #.# ..##.# #.#
...#.## #.# ......# #§#
...#.># #§# ...#..### #@#
...#....# ##S# .#
....#.#.### #gg# ...
..........## #§## ....
.......<...# #$# #....
....†####..####)####)....
.......##...##.g..†......
................#...#.)..
##....÷.........#)#.# .


You could see a water moccasin, a gnoll bouda (weak) and a gnoll (swift).

Vanquished Creatures
  A black bear (D:4)
  A scorpion (D:4)
  A gnoll bouda (D:4)
  Natasha (thrice) (D:2)
  An iguana (D:4)
  6 gnolls (D:4)
  3 adders
  2 ribbon worms
  A dart slug (D:3)
  8 ball pythons
  4 endoplasms
  2 giant cockroaches
  5 goblins
  5 hobgoblins
  2 quokkas
  6 bats
  4 frilled lizards
  5 kobolds
  3 rats (D:1)
63 creatures vanquished.

Notes
Turn   | Place    | Note
-------+----------+-------------------------------------------
     0 | D:1      | marwff the Octopode Alchemist began the quest for the Orb.
     0 | D:1      | Reached XP level 1. HP: 11/11 MP: 3/3
   160 | D:1      | Reached XP level 2. HP: 14/17 MP: 2/5
   163 | D:1      | Learned a level 2 spell: Mercury Vapours
   670 | D:1      | Reached XP level 3. HP: 21/21 MP: 5/7
   849 | D:1      | Learned a level 3 spell: Mephitic Cloud
  1324 | D:2      | Noticed Natasha
  1367 | D:2      | Reached skill level 2 in Conjurations
  1544 | D:2      | Reached XP level 4. HP: 27/27 MP: 6/8
  2040 | D:3      | Found a stormy altar of Qazlal.
  2159 | D:3      | Reached skill level 3 in Conjurations
  2262 | D:3      | Found a faded altar of an unknown god.
  2553 | D:4      | Noticed a scorpion
  2586 | D:2      | Killed Natasha
  2587 | D:2      | Reached XP level 5. HP: 28/31 MP: 4/9
  2666 | D:2      | Noticed Natasha
  2680 | D:2      | Killed Natasha
  2889 | D:2      | Noticed Natasha
  2895 | D:2      | Killed Natasha
  2896 | D:2      | Reached skill level 4 in Conjurations
  3028 | D:4      | Reached XP level 6. HP: 34/36 MP: 5/10
  3081 | D:4      | Reached skill level 5 in Conjurations
  3171 | D:4      | Noticed a water moccasin
  3173 | D:4      | Found a staircase to the Ecumenical Temple.
  3183 | Temple   | Entered the Ecumenical Temple
  3237 | Temple   | Became a worshipper of Kikubaaqudgha
  3304 | D:4      | Noticed a black bear
  3315 | D:4      | Killed a black bear
  3316 | D:4      | Reached skill level 6 in Conjurations
  3431 | D:4      | Found a sparkling altar of Nemelex Xobeh.
  3526 | D:4      | Reached XP level 7. HP: 18/41 MP: 1/12
  3537 | D:4      | HP: 3/41 [poisoned by a water moccasin]
  3543 | D:4      | HP: 3/41 [water moccasin (10)]
  3544 | D:4      | Succumbed to a water moccasin's poison

Illustrated notes

Levels and vault maps discovered:
D:1:      eino_arrival_cavern_b, layout_loops_cross
D:2:      layout_loops_ring, uniq_natasha
D:3:      layout_basic, nicolae_qazlal_general_emergency,
          shapermc_ecumenical_altar_hornbeckon
D:4:      layout_rooms, lemuel_doored_altar,
          mainiacjoe_overflow_six_doors_small, minmay_temple_entry_offerings
Temple:   kb_temple_of_zot

Skill      XL: |  1  2  3  4  5  6  7 |
---------------+----------------------+-----
Spellcasting   | 3 4 |  4.0
Conjurations   | 2 3 4 6 |  6.0
Dodging        | |  2.1
Stealth        | |  2.6
Alchemy        | |  3.2

Action                     |  1- 3 |  4- 6 |  7- 9 || total
---------------------------+-------+-------+-------++-------
  Melee: Short sword       |    19 |    46 |     1 ||    66
         Tentacles         |     4 |    12 |       ||    16
         Constrict         |     5 |    17 |     1 ||    23
  Throw: Stone             |       |     7 |       ||     7
   Cast: Sting             |    21 |    35 |     1 ||    57
         Mercury Vapours   |     8 |    20 |     2 ||    30
  Evoke: Wand              |       |     1 |     6 ||     7
    Use: Potion            |       |       |     5 ||     5
         Scroll            |       |       |     2 ||     2
   Stab: Sleeping          |     2 |     1 |       ||     3
 Armour: Skin              |     4 |    23 |     9 ||    36
  Dodge: Dodged            |     9 |    36 |     9 ||    54

Table legend: (Time is in decaauts)
 A = Elapsed time spent in this place.
 B = Non-inter-level travel time spent in this place.
 C = Inter-level travel time spent in this place.
 D = Time resting spent in this place.
 E = Time spent auto-exploring this place.
 F = Levels seen in this place.
 G = Mean time per level.
                   A        B        C        D        E       F      G
               +--------+--------+--------+--------+--------+-----+--------+
         Total |   3545 |   3400 |    145 |    532 |   2229 |   5 |  709.0 |
       Dungeon |   3463 |   3371 |     92 |    532 |   2229 |   4 |  865.8 |
        Temple |     82 |     29 |     53 |      0 |      0 |   1 |   82.0 |
               +--------+--------+--------+--------+--------+-----+--------+

Top non-repeatable levels by time:
     D:2: 1187 daAuts
     D:1: 986 daAuts
     D:3: 820 daAuts
     D:4: 469 daAuts
  Temple: 82 daAuts
